cohdb
Replays
Latest Replays
All Replays
Popular Replays
Top Player Replays
Match Explorer
How It Works
Community
CoH3 Stats
Reddit
Sign in to upload your games and track your stats! →
Sign in with Steam
Fighting to the last man #2
Match 33756910
Overview
Messages
Build Orders
End
Kradschützen Motorcycle Team
Selects Armored Support Battlegroup
Panzergrenadier Squad
Panzergrenadier Squad
Panzergrenadier Squad
Panzergrenadier Squad
Construct Light Support Kompanie
Selects Salvage Kits
Selects Veteran Gunners
Fire Support Elements
Flakvierling Half-track
Pak 38 Anti-tank Gun Team
Veteran Squad Leaders
2.5-tonne Medical Truck
Construct Panzerarmee Kommand
Pak 38 Mechanized Group
Selects Panzer Storm
Selects Stuka Anti-tank Loiter
Panzer III L Medium Tank
Panzer III L Medium Tank
Panzer III L Medium Tank
Selects Flammpanzer III Medium Tank
Panzer III L Medium Tank
Selects Command Panzer IV F Medium Tank
Emergency Repair Kits
Stuka Anti-tank Loiter
Panzer III L Medium Tank
Panzer III L Medium Tank
FLOKL
▼△BlueSkid™△▼
nub
FutureNP
0
0
Comments
sign in to comment!
No comments posted yet!